 Dungeon Crawl Stone Soup version 0.28.0 (webtiles) character file.

Game seed: 2143889393612988859

1 Cykl0x the Digger (level 1, 0/10 HPs)
             Began as a Gargoyle Earth Elementalist on Feb 18, 2022.
             Slain by a kobold (1 damage)
             ... on level 1 of the Dungeon.
             The game lasted 00:00:17 (60 turns).

Cykl0x the Digger (Gargoyle Earth Elementalist)       Turns: 60, Time: 00:00:17

Health: 0/10       AC:  4    Str: 11    XL:     1   Next: 20%
Magic:  0/3        EV: 11    Int: 15    God:
Gold:   0          SH:  0    Dex: 10    Spells: 3/4 levels left

rFire   . . .      SeeInvis .   (no weapon)
rCold   . . .      Faith    .   (no shield)
rNeg    + . .      Spirit   .   b - +0 robe
rPois   ∞          Reflect  .   (no helmet)
rElec   +          Harm     .   (no cloak)
rCorr   .          Rampage  .   (no gloves)
Will    .....                   (no boots)
Stlth   ++........              (no amulet)
HPRegen 0.03/turn               (no ring)
MPRegen 0.08/turn               (no ring)

@: no status effects
A: sickness immunity, AC +2, negative energy resistance 1, electricity
resistance, torment resistance 1, petrification resistance
a: no special abilities


You were on level 1 of the Dungeon.
You visited 1 branch of the dungeon, and saw 1 of its levels.

Inventory:

Missiles
 c - 26 stones
Armour
 b - a +0 robe (worn)
Scrolls
 a - a scroll of magic mapping {unknown}


   Skills:
 * Level 0.1 Fighting
 + Level 1.5 Dodging
 - Level 2.1 Stealth
 + Level 2.0 Spellcasting
 - Level 0.7 Transmutations
 + Level 3.6 Earth Magic


You had 3 spell levels left.
You knew the following spells:

 Your Spells              Type           Power      Damage    Failure   Level
a - Sandblast             Erth           24%        2d8       4%          1

Your spell library contained the following spells:

 Spells                   Type           Power      Damage    Failure   Level
 Passwall                 Tmut/Erth      6%         N/A       14%         2
 Stone Arrow              Conj/Erth      14%        3d7       30%         3
 Petrify                  Tmut/Erth      8%         N/A       65%         4


Dungeon Overview and Level Annotations

Branches:
Dungeon (1/15)

Altars:


Innate Abilities, Weirdness & Mutations

You are immune to sickness and miasma.
Your stone body is resilient. (AC +2)
You are immune to poison.
You resist negative energy. (rN+)
You are resistant to electric shocks. (rElec)
You are resistant to unholy torment.
You are immune to petrification.


Message History

Welcome, Cykl0x the Gargoyle Earth Elementalist.
You feel drawn to the Orb of Zot, downwards into the unfathomable depths...
Press ? for a list of commands and other information.
Found the human skeleton of Cykl0x.
Found a staircase leading out of the dungeon.
You open the door.
There is an open door here.
An endoplasm comes into view.
An endoplasm is nearby!
A kobold comes into view.
It is wielding a +0 dagger of holy wrath.
Found a lumpy coppery potion.
The kobold shouts!
The blast of sand hits the endoplasm.
The endoplasm is lightly wounded.
The endoplasm quivers.
The blast of sand hits the endoplasm.
The endoplasm is heavily wounded.
The blast of sand hits the endoplasm.
The endoplasm is heavily wounded.
The endoplasm freezes you.
You are frozen.
You see here a scroll labelled ZOLIMN MOZU.
a - a scroll labelled ZOLIMN MOZU The endoplasm closely misses you.
The kobold hits you but does no damage.
Found 14 gold pieces.
The blast of sand hits the endoplasm.
The endoplasm is severely wounded.
You hit the endoplasm but do no damage.
The endoplasm is severely wounded.
The endoplasm freezes you.
You are frozen.
Ouch! That really hurt!
* * * LOW HITPOINT WARNING * * *
You hit the endoplasm.
You kill the endoplasm!
You barely miss the kobold.
The kobold hits you with a +0 dagger of holy wrath.
You die...

...##.#
#.##.##.#
#.......###
####......#
.....####.#
####.####.####.#
#.##.......$#
#.##.#K######
#.##.#@#
#!.....#
####.### ... .#.
.. ## .


You could see a kobold.

Vanquished Creatures
  An endoplasm (D:1)
1 creature vanquished.

Notes
Turn   | Place    | Note
-------+----------+-------------------------------------------
     0 | D:1      | Cykl0x the Gargoyle Earth Elementalist began the quest for
                  | the Orb.
     0 | D:1      | Reached XP level 1. HP: 10/10 MP: 3/3
    60 | D:1      | Slain by a kobold

Illustrated notes

Levels and vault maps discovered:
D:1:      nicolae_arrival_memento_mori, layout_loops_cross

Action                   || total
-------------------------++-------
Melee: Unarmed           ||     3
 Cast: Sandblast         ||     4
Armor: Robe              ||     1
Dodge: Dodged            ||     1
